 Dungeon Crawl Stone Soup version 0.28.0-53-g5a82cb258f (webtiles) character file.

Game seed: 5969605161961258835

310 Tirrikindir the Skirmisher (level 6, -6/44 HPs)
             Began as an Octopode Fighter on Aug 8, 2022.
             Mangled by an orc
             ... wielding a +0 flail
              (8 damage)
             ... on level 3 of the Dungeon.
             The game lasted 00:06:01 (1895 turns).

Tirrikindir the Skirmisher (Octopode Fighter)       Turns: 1895, Time: 00:06:01

Health: -6/44      AC:  1    Str: 15    XL:     6   Next: 41%
Magic:  6/6        EV: 14    Int: 10    God:
Gold:   57         SH:  6    Dex: 14    Spells: 5/5 levels left

rFire   . . .      SeeInvis .   a - +0 long sword (chaos)
rCold   + . .      Faith    .   b - +1 buckler
rNeg    . . .      Spirit   .   (helmet restricted)
rPois   .          Reflect  .   (no amulet)
rElec   .          Harm     .   e - ring of protection from cold
rCorr   .          Rampage  .   (no ring)
Will    .....                   (no ring)
Stlth   +++.......              (no ring)
HPRegen 0.14/turn               (no ring)
MPRegen 0.10/turn               (no ring)
                                (no ring)
                                (no ring)

@: lethally poisoned (-6 -> -13)
A: almost no armour, amphibious, 8 rings, camouflage 1, gelatinous body 1,
(nimble swimmer 1), tentacles
a: no special abilities


You were on level 3 of the Dungeon.
You visited 1 branch of the dungeon, and saw 3 of its levels.

You collected 57 gold pieces.

Inventory:

Hand Weapons
 a - a +0 long sword of chaos (weapon)
Armour
 b - a +1 buckler (worn)
Jewellery
 e - a ring of protection from cold (left tentacle)
Scrolls
 f - 3 scrolls of vulnerability
Potions
 c - a potion of might
 d - a potion of mutation
 h - a potion of flight {unknown}
 i - a potion of ambrosia {unknown}
 j - a potion of lignification


   Skills:
 * Level 4.4 Fighting
 * Level 3.9 Long Blades
 + Level 3.7 Dodging
 + Level 3.1 Stealth
 + Level 3.8 Shields


You had 5 spell levels left.
You didn't know any spells.
Your spell library was empty.

Dungeon Overview and Level Annotations

Branches:
Dungeon (3/15)

Altars:


Innate Abilities, Weirdness & Mutations

You cannot wear most types of armour.
You are amphibious.
You can wear up to eight rings at the same time.
Your skin changes colour to match your surroundings (Stealth+).
Your rubbery body absorbs attacks. (AC +1, EV +1)
((You are camouflaged when in or above water. (Stealth+)))
You have tentacles for arms and can constrict up to eight enemies at once.


Message History

An orc and an orc priest come into view.
The orc shouts!
The orc priest shouts!
The orc shouts!
The orc priest mumbles some strange prayers to Beogh against you.
Beogh smites you!
The orc priest calls down the wrath of Beogh upon you.
Pain shoots through your body! The orc barely misses you.
The orc shouts!
You hit the orc but do no damage.
The orc resists with some effort.
You grab the orc. You constrict the orc.
The orc priest calls down the wrath of Beogh upon you.
Beogh smites you! The orc hits you with a +0 trident.
* * * LOW HITPOINT WARNING * * *
The orc hits you with a +0 trident!
* * * LOW HITPOINT WARNING * * *
The orc priest looks satisfied for a moment.
As you read the scroll labelled BEK CISYSAW, it crumbles to dust.
It is a scroll of enchant armour.
Your +0 buckler glows green for a moment.
You constrict the orc. You block the orc's attack.
You feel much better.
You constrict the orc. The orc hits you with a +0 flail.
The orc closely misses you.
You barely miss the orc. You grab the orc. You squeeze the orc.
You kill the orc!
You constrict the orc.
You kill the orc!
The orc priest hits you with a +0 dagger of venom.
You are poisoned.
The orc misses you.
You hit the orc priest.
The orc priest suddenly seems more agile.
You grab the orc priest. You squeeze the orc priest.
The orc priest is heavily wounded.
You constrict the orc priest.
You feel very sick.
The orc priest calls down the wrath of Beogh upon you.
Beogh smites you!
* * * LOW HITPOINT WARNING * * *
The orc hits you with a +0 flail!
You die...

# #.# # #.# #.# ###.###
#.# ......# #.# ......#
#.########
..)..†#########.........
........................
................oo.....#
......###.......@o.....#
......#.#.############.#
........#.# ......#.#.#
......#.#.# #######.#..
#.### #.# #.#


You could see 2 orc priests and an orc.

Vanquished Creatures
  Sigmund (D:2)
  Natasha (twice) (D:3)
  5 adders
  2 worms
  A dart slug (D:3)
  3 orcs (D:3)
  4 endoplasms
  3 hobgoblins
  6 ball pythons
  7 bats
  12 frilled lizards
  2 goblins
  3 kobolds
  5 rats
56 creatures vanquished.

Vanquished Creatures (others)
  4 plants (D:1)
4 creatures vanquished.

Grand Total: 60 creatures vanquished

Notes
Turn   | Place    | Note
-------+----------+-------------------------------------------
     0 | D:1      | Tirrikindir the Octopode Fighter began the quest for the
                  | Orb.
     0 | D:1      | Reached XP level 1. HP: 16/16 MP: 1/1
   201 | D:1      | Reached XP level 2. HP: 14/21 MP: 2/2
   819 | D:2      | Noticed Sigmund
   825 | D:2      | Killed Sigmund
   826 | D:2      | Reached skill level 4 in Fighting
   826 | D:2      | Reached XP level 3. HP: 14/27 MP: 3/3
   826 | D:2      | Reached XP level 4. HP: 17/33 MP: 4/4
   826 | D:2      | Reached XP level 5. HP: 19/37 MP: 5/5
  1440 | D:2      | Reached XP level 6. HP: 42/43 MP: 6/6
  1723 | D:3      | Noticed Natasha
  1733 | D:3      | Killed Natasha
  1867 | D:3      | Noticed Natasha
  1871 | D:3      | Killed Natasha
  1895 | D:3      | HP: 2/44 [orc priest/divine providence (12)]
  1895 | D:3      | Mangled by an orc

Illustrated notes

Levels and vault maps discovered:
D:1:      lemuel_arrival_tunnels, layout_loops_cross, minmay_lizard_king
D:2:      layout_basic, uniq_sigmund
D:3:      layout_basic, shapermc_ecumenical_altar_mp_vishouse, uniq_natasha

Skill      XL: |  1  2  3  4  5  6 |
---------------+-------------------+-----
Fighting       | 4 |  4.4
Long Blades    | 3 |  3.9
Stealth        | 2 3 |  3.1
Dodging        | |  3.7
Shields        | |  3.8

Action                   |  1- 3 |  4- 6 || total
-------------------------+-------+-------++-------
Melee: Long sword        |    37 |    60 ||    97
       Constrict         |     9 |    13 ||    22
       Tentacles         |     7 |     6 ||    13
  Use: Scroll            |       |     8 ||     8
       Potion            |       |     2 ||     2
 Stab: Sleeping          |     1 |    10 ||    11
Armor: Skin              |     5 |     3 ||     8
Dodge: Dodged            |    29 |    25 ||    54
Block: Buckler           |     9 |    10 ||    19
